 Dungeon Crawl Stone Soup version 0.29.1-12-g30fa7ad0bf (webtiles) character file.

Game seed: 3186459918672394918

420623 FexLirch the Cloud Mage (level 23, -6/142 HPs)
             Began as a Tengu Air Elementalist on Jan 11, 2023.
             Was the Champion of Sif Muna.
             Killed by the air
             ... invoked by a spriggan air mage
              (26 damage)
             ... on level 1 of the Depths on Jan 12, 2023.
             The game lasted 04:40:03 (56150 turns).

FexLirch the Cloud Mage (Tengu Air Elementalist)   Turns: 56150, Time: 04:40:04

Health: -6/142     AC: 19    Str:  9    XL:     23   Next: 70%
Magic:  4/44       EV: 39    Int: 31    God:    Sif Muna [******]
Gold:   985        SH:  0    Dex: 17    Spells: 3/55 levels left

rFire   . . .      SeeInvis .     - Unarmed
rCold   . . .      Faith    .   (shield currently unavailable)
rNeg    + . .      Spirit   .   (body armour currently unavailable) rPois āˆž Reflect .
                                (helmet currently unavailable)
rElec   +          Harm     .   (cloak currently unavailable)
rCorr   +          Rampage  .   (gloves currently unavailable)
Will    +....                   (boots unavailable)
Stlth   ++........              X - amulet of Vitality {RegenMP++ Regen++}
HPRegen 1.93/turn               e - ring "Xommukk" {rN+ rCorr Int+7}
MPRegen 1.09/turn               D - ring of wizardry

@: storm-form, wereblooded, flying quickly and evasively, very slightly
contaminated, studying Fighting, quick
A: cleaving, insubstantial, flying, (beak), (talons 3), nimble flight
}: 2/15 runes: serpentine, barnacled
a: Blinkbolt, End Transformation, Renounce Religion, Channel Magic, Forget
Spell, Divine Exegesis


You were on level 1 of the Depths.
You worshipped Sif Muna.
Sif Muna was exalted by your worship.
You were a lightning-filled tempest!
You visited 10 branches of the dungeon, and saw 42 of its levels.
You visited 1 bazaar.
You also visited: Sewer, Ossuary, Bailey and Ice Cave.

You collected 6844 gold pieces.
You spent 5859 gold pieces at shops.

Inventory:

Hand Weapons
 A - the +0 mace of Jukirchek {pain, Fly rElec rN+ Int+4}
   (You found it on level 1 of the Snake Pit)

   In the hands of one skilled in necromantic magic, it inflicts extra damage on
   living creatures.
   Int:       It affects your intelligence (+4).
   rElec:     It insulates you from electricity.
   rN:        It protects you from negative energy.
   Fly:       It grants you flight.
 J - the +3 rapier of Defence {venom, *Noise rPois Will- MP+9 Int+6}
   (You found it on level 1 of the Snake Pit)

   It poisons the flesh of those it strikes.
   Int:       It affects your intelligence (+6).
   rPois:     It protects you from poison.
   MP:        It affects your magic capacity (+9).
   *Noise:    It may make noises in combat.
   Will:      It decreases your willpower.
 W - the +5 long sword of Fresh Guilt {chaos, *Noise rElec rC+++ Str-2}
   (You found it on level 3 of the Elven Halls)

   Each time it hits an enemy it has a different, random effect.
   Str:       It affects your strength (-2).
   rC:        It renders you almost immune to cold.
   rElec:     It insulates you from electricity.
   *Noise:    It may make noises in combat.
 Z - the +4 scimitar of Theory {vorpal, rElec Will+ Int+2}
   (You bought it in a shop on level 2 of the Orcish Mines)

   It inflicts extra damage upon your enemies.
   Int:       It affects your intelligence (+2).
   rElec:     It insulates you from electricity.
   Will:      It increases your willpower.
Armour
 t - the +2 hat of the Trees (melded) {rPois Dex+2}
   (You found it on level 3 of the Snake Pit)

   Dex:       It affects your dexterity (+2).
   rPois:     It protects you from poison.
 v - the +4 ring mail of Cowardice {rF+ MP+9}
   (You found it on level 3 of the Dungeon)

   rF:        It protects you from fire.
   MP:        It affects your magic capacity (+9).
 I - the +0 pair of gloves of the Bells (melded) {Will++ Stlth+}
   (You bought it in a shop on level 1 of the Snake Pit)

   Will:      It greatly increases your willpower.
   Stlth:     It makes you more stealthy.
 U - a +2 robe of the Archmagi (melded)
 Y - the +1 cloak of the Saviour (melded) {*Corrode Int+4 Slay+3}
   (You found it on level 1 of the Orcish Mines)

   Int:       It affects your intelligence (+4).
   Slay:      It affects your accuracy & damage with ranged weapons and melee
   (+3).
   *Corrode:  It may corrode you when you take damage.
Magical Staves
 h - a staff of air (melded)
Jewellery
 e - the ring "Xommukk" (left fist) {rN+ rCorr Int+7}
   (You found it on level 2 of the Vaults)

   [ring of positive energy]

   Int:       It affects your intelligence (+7).
   rN:        It protects you from negative energy.
   rCorr:     It protects you from acid and corrosion.
 p - a ring of protection from cold
 x - the ring of the Hare {EV+8}
   (You bought it in a shop on level 3 of the Snake Pit)

   [ring of evasion]

   EV:        It affects your evasion (+8).
 D - a ring of wizardry (right fist)
 F - the ring "Xammiq" {rN+ Will+}
   (You took it off a necromancer on level 3 of the Crypt)

   [ring of positive energy]

   rN:        It protects you from negative energy.
   Will:      It increases your willpower.
 P - the ring of Leseubaf {rC+ MP+9}
   (You found it on level 3 of the Vaults)

   [ring of magical power]

   rC:        It protects you from cold.
   MP:        It affects your magic capacity (+9).
 Q - a ring of fire
 R - a ring of see invisible
 T - a ring of willpower
 X - the amulet of Vitality (around neck) {RegenMP++ Regen++}
   (You found it on level 1 of the Orcish Mines)

   [amulet of magic regeneration]

   It increases your rate of magic regeneration.
   Regen:     It increases your rate of health regeneration.
Wands
 c - a wand of acid (11)
 C - a wand of digging (18)
 L - a wand of flame (30)
 S - a wand of roots (15)
 V - a wand of mindburst (51)
Scrolls
 a - 7 scrolls of summoning
 f - 19 scrolls of teleportation
 g - 3 scrolls of poison
 i - 8 scrolls of fear
 m - 4 scrolls of immolation
 o - 2 scrolls of torment
 q - 10 scrolls of butterflies
 B - 10 scrolls of blinking
 E - 11 scrolls of noise
 K - 5 scrolls of amnesia
 M - 7 scrolls of silence
 O - 3 scrolls of magic mapping
Potions
 b - 6 potions of magic
 d - 4 potions of might
 j - 30 potions of curing
 k - 16 potions of heal wounds
 l - 13 potions of attraction
 n - 12 potions of mutation
 r - 12 potions of brilliance
 s - 13 potions of haste
 u - 8 potions of lignification
 w - 4 potions of cancellation
 z - 12 potions of ambrosia
 G - 8 potions of berserk rage
 H - 4 potions of invisibility
 N - 4 potions of resistance
Miscellaneous
 y - a phantom mirror


   Skills:
 + Level 14.0 Fighting
 + Level 15.2 Dodging
 - Level 2.1 Stealth
 + Level 10.0 Unarmed Combat
 * Level 16.7 Spellcasting
 * Level 22.0 Conjurations
 - Level 4.0 Summonings
 + Level 10.4 Translocations
 - Level 11.0 Transmutations
 + Level 23.0 Air Magic
 + Level 11.1 Invocations


You had 3 spell levels left.
You knew the following spells:

 Your Spells              Type           Power      Damage    Failure   Level
a - Maxwell's Capacitive  Air            53%        āˆž       1%          8
b - Manifold Assault      Tloc           74%        N/A       1%          5
c - Swiftness             Air            100%       N/A       0%          3
d - Blink                 Tloc           100%       N/A       1%          2
e - Chain Lightning       Conj/Air       52%        3d70      6%          9
f - Wereblood             Tmut           76%        N/A       1%          2
g - Conjure Ball Lightni  Conj/Air       52%        3x3d18    1%          6
h - Summon Lightning Spi  Summ/Air       83%        N/A       1%          4
i - Lightning Bolt        Conj/Air       52%        1d74      0%          5
j - Storm Form            Tmut/Air       46%        N/A       1%          7
k - Apportation           Tloc           100%       N/A       0%          1

Your spell library contained the following spells:

 Spells                   Type           Power      Damage    Failure   Level
 Beastly Appendage        Tmut           100%       N/A       0%          1
 Foxfire                  Conj/Fire      100%       2x1d9     0%          1
 Magic Dart               Conj           100%       1d8       0%          1
 Shock                    Conj/Air       100%       1d9       0%          1
 Poisonous Vapours        Pois/Air       100%       N/A       0%          2
 Searing Ray              Conj           100%       2d8       0%          2
 Static Discharge         Conj/Air       100%       3-16/arc  0%          2
 Mephitic Cloud           Conj/Pois/Air  87%        N/A       0%          3
 Freeze                   Ice            100%       1d11      1%          1
 Necrotise                Necr           100%       1d9       1%          1
 Sandblast                Erth           50%        2d12      1%          1
 Slow                     Hex            100%       N/A       1%          1
 Sting                    Tmut/Pois      100%       1d8       1%          1
 Summon Small Mammal      Summ           100%       N/A       1%          1
 Call Imp                 Summ           50%        N/A       1%          2
 Ensorcelled Hibernation  Hex/Ice        50%        N/A       1%          2
 Passwall                 Tmut/Erth      46%        N/A       1%          2
 Scorch                   Fire           50%        2d7       1%          2
 Sublimation of Blood     Necr           25%        N/A       1%          2
 Call Canine Familiar     Summ           50%        N/A       1%          3
 Confusing Touch          Hex            25%        N/A       1%          3
 Conjure Flame            Conj/Fire      76%        6-21      1%          3
 Dazzling Flash           Conj/Hex       100%       N/A       1%          3
 Frozen Ramparts          Ice            50%        1d8       1%          3
 Gell's Gravitas          Tloc           74%        N/A       1%          3
 Ignite Poison            Fire/Tmut/Pois 48%        N/A       1%          3
 Inner Flame              Hex/Fire       25%        N/A       1%          3
 Lesser Beckoning         Tloc           74%        N/A       1%          3
 Ozocubu's Armour         Ice            25%        N/A       1%          3
 Portal Projectile        Hex/Tloc       100%       N/A       1%          3
 Spider Form              Tmut/Pois      56%        N/A       1%          3
 Stone Arrow              Conj/Erth      100%       3d13      1%          3
 Summon Guardian Golem    Hex/Summ       38%        N/A       1%          3
 Teleport Other           Tloc           74%        N/A       1%          3
 Tukima's Dance           Hex            25%        N/A       1%          3
 Vampiric Draining        Necr           25%        2d7       1%          3
 Airstrike                Air            53%        2d(8-24)  0%          4
 Iskenderun's Mystic Bla  Conj/Tloc      91%        2d18      0%          4
 Iskenderun's Battlesphe  Conj           100%       2d15      0%          5
 Corpse Rot               Necr/Pois/Air  65%        N/A       1%          4
 Flame Wave               Conj/Fire      76%        2d17      1%          4
 Fulminant Prism          Conj/Hex       38%        3d18      1%          4
 Hailstorm                Conj/Ice       76%        3d16      1%          4
 Ice Form                 Ice/Tmut       56%        N/A       1%          4
 Passage of Golubria      Tloc           74%        N/A       1%          4
 Petrify                  Tmut/Erth      56%        N/A       1%          4
 Sticky Flame             Conj/Fire      76%        2d9       1%          4
 Alistair's Intoxication  Tmut/Pois      37%        N/A       1%          5
 Blade Hands              Tmut           38%        N/A       1%          5
 Fireball                 Conj/Fire      38%        3d16      1%          5
 Freezing Cloud           Conj/Ice/Air   43%        6-21      1%          5
 Irradiate                Conj/Tmut      45%        3d26      1%          5
 Silence                  Hex/Air        39%        N/A       1%          5
 Summon Forest            Summ/Tloc      31%        N/A       1%          5
 Yara's Violent Unravell  Hex/Tmut       28%        3d12      1%          5
 Dispersal                Tloc           37%        N/A       1%          6
 Iron Shot                Conj/Erth      38%        9d8       1%          6
 Starburst                Conj/Fire      38%        6d11      1%          6
 Orb of Destruction       Conj           52%        9d13      1%          7
 Animate Armour           Summ/Erth      76%        N/A       2%          4
 Summon Ice Beast         Ice/Summ       38%        N/A       2%          4
 Spellforged Servitor     Conj/Summ      41%        N/A       2%          7
 Anguish                  Hex/Necr       12%        N/A       6%          4
 Animate Dead             Necr           25%        N/A       6%          4
 Cause Fear               Hex            12%        N/A       6%          4
 Dispel Undead            Necr           25%        3d12      6%          4
 Leda's Liquefaction      Hex/Erth       12%        N/A       6%          4
 Olgreb's Toxic Radiance  Pois           25%        N/A       6%          4
 Dragon Form              Tmut           38%        N/A       6%          7
 Summon Mana Viper        Hex/Summ       38%        N/A       9%          5
 Eringya's Noxious Bog    Tmut/Pois      28%        N/A       11%         6
 Statue Form              Tmut/Erth      37%        N/A       11%         6
 Agony                    Necr           25%        N/A       17%         5
 Borgnjor's Vile Clutch   Necr/Erth      12%        N/A       17%         5
 Lee's Rapid Deconstruct  Erth           12%        3d10*     17%         5
 Metabolic Englaciation   Hex/Ice        12%        N/A       17%         5
 Summon Cactus Giant      Summ           25%        N/A       19%         6
 Malign Gateway           Summ/Tloc      31%        N/A       28%         7
 Lehudib's Crystal Spear  Conj/Erth      38%        10d9      41%         8
 Disjunction              Tloc           37%        N/A       50%         8
 Death Channel            Necr           12%        N/A       65%         6
 Simulacrum               Ice/Necr       12%        N/A       65%         6
 Monstrous Menagerie      Summ           25%        N/A       69%         7
 Summon Hydra             Summ           25%        N/A       69%         7
 Haunt                    Necr/Summ      19%        N/A       91%         7
 Necromutation            Tmut/Necr      28%        N/A       98%         8
 Enfeeble                 Hex            12%        N/A       99%         7
 Ozocubu's Refrigeration  Ice            12%        4d10      99%         7
 Fire Storm               Conj/Fire      38%        8d10      99%         9
 Borgnjor's Revivificati  Necr           12%        N/A       100%        8
 Discord                  Hex            12%        N/A       100%        8
 Ignition                 Fire           12%        3d6       100%        8
 Infestation              Necr           12%        N/A       100%        8
 Summon Horrible Things   Summ           25%        N/A       100%        8
 Death's Door             Necr           12%        N/A       100%        9
 Dragon's Call            Summ           25%        N/A       100%        9
 Shatter                  Erth           12%        3d13*     100%        9


Dungeon Overview and Level Annotations

Branches:
Dungeon (15/15)            Temple (1/1) D:4            Lair (5/5) D:10
 Shoals (4/4) Lair:2        Snake (4/4) Lair:3        Slime (0/5) Lair:5
    Orc (2/2) D:10            Elf (3/3) Orc:2        Vaults (4/5) D:14
  Crypt (3/3) Vaults:3       Tomb (0/3) Crypt:3      Depths (1/4) D:15
  Sewer (visited)         Ossuary (visited)          Bailey (visited)
  IceCv (visited)

Altars:
Ashenzari
Cheibriados
Dithmenos
Elyvilon
Fedhas
Gozag
Hepliaklqana
Kikubaaqudgha
Makhleb
Nemelex Xobeh
Okawaru
Qazlal
Ru
Sif Muna
Trog
Uskayaw
Vehumet
Wu Jian
Xom
Yredelemnul
Zin
The Shining One
Jiyva

Shops:
Orc:2 ([*?   Elf:3 [:*!:   Shoals:3 *   Shoals:4 [   Snake:1 [(:*[   Snake:3 =
Vaults:2 *   Vaults:4 (

Portals:
Ziggurat: Depths:1
Trove: Vaults:2 (give horn of Geryon)

Annotations:
D:13 exclusion: downstairs
Elf:1 4 runed translucent doors, Roxanne
Elf:2 3 runed translucent doors


Innate Abilities, Weirdness & Mutations

You are a lightning-filled tempest!
Your electrical attacks strike out in all directions at once.
You are incredibly evasive.
Your insubstantial body is immune to petrification, constriction, and being set on fire You are flying.
You are immune to poison.
Your armour is entirely melded.
You are incapable of wielding weapons or throwing items.
((You have a beak for a mouth.))
((You have claws for feet.))
Your magical nature lets you fly swiftly and evasively.


Message History

The blast of flame misses you.
The spriggan air mage waves its arms in wide circles.
The air twists around and strikes you!!
Casting: Chain Lightning (dangerous; 6% risk of failure)
Confirm with . or Enter, or press ? or * to list all spells.
Lightning arcs from your fists!
The bolt of lightning hits the green very ugly thing!!!!
You kill the green very ugly thing!
Sif Muna accepts your kill. The bolt of lightning hits you! You resist.
The bolt of lightning hits the green ugly thing!!!!
You kill the green ugly thing!
Sif Muna accepts your kill.
The bolt of lightning hits the fire dragon!!!
The fire dragon is severely wounded.
The bolt of lightning hits the green very ugly thing!!!
The green very ugly thing is heavily wounded.
The bolt of lightning hits the spriggan air mage!!!
The spriggan air mage is almost dead.
The bolt of lightning hits the spriggan air mage!!!
The spriggan air mage is almost dead.
The spriggan air mage waves its arms in wide circles.
The air twists around and strikes you!!
The spriggan air mage waves its arms in wide circles.
The air twists around and strikes you!!
Casting: Chain Lightning (dangerous; 6% risk of failure)
Confirm with . or Enter, or press ? or * to list all spells.
You miscast Chain Lightning.
You are very lightly contaminated with residual magic.
Strange energies run through your body!
* * * LOW HITPOINT WARNING * * *
A hell knight comes into view. It is wielding a +0 halberd.
A rakshasa comes into view. It is wielding a +0 whip.
A hell knight comes into view. It is wielding a +0 war axe.
The spriggan air mage waves its arms in wide circles.
The air twists around and strikes you!!
* * * LOW HITPOINT WARNING * * *
The spriggan air mage waves its arms in wide circles.
The air twists around and strikes you!!
You die...

#Ri.pp....#
#.........#
#...i.....#
#.........#
#.....uā€ ..#
#...D.....#
####.........#
...'...v.....#
####.........#
######'####
#.# ### #.#
[.# ###.# #.#
#...# ###.#
#.### ...# #.#


You could see a green very ugly thing, a fire dragon, a rakshasa, 2 hell knights
and 2 spriggan air magi.

Vanquished Creatures
  An ancient lich (Crypt:3)
  Frederick (Crypt:2)
  The ghost of Nyubb the Impregnable, a veteran MiGl of Hepliaklqana (Crypt:2)
  Boris (Vaults:4)
  A shard shrike (IceCv)
  Vv (Crypt:1)
  Vashnia (Snake:3)
  A caustic shrike (shapeshifter) (Vaults:4)
  The ghost of Zonian the Slayer, an adept HOFi of Beogh (Vaults:3)
  Jorgrun (Shoals:1)
  Zenata (Vaults:4)
  Asterion (Snake:3)
  Mlioglotl (Shoals:1)
  2 deep elf blademasters (Elf:3)
  2 liches (Crypt:3)
  2 deep elf master archers (Elf:3)
  A titan (Vaults:3)
  2 krakens
  2 ancient champions
  A sphinx (Vaults:4)
  2 tengu reavers
  Frances (Shoals:1)
  Kirke (Lair:5)
  6 nagarajas (Snake:4)
  Ilsuiw (Shoals:2)
  A revenant (Crypt:2)
  11 vault wardens
  A fenstrider witch (Shoals:4)
  A frost giant (Depths:1)
  The ghost of warriortoast the Marksspriggan, an adept SpHu of Qazlal (Shoals:1)
  Aizul (Snake:2)
  7 orc warlords
  5 deep elf sorcerers
  3 deep elf elementalists (Elf:3)
  2 caustic shrike zombies (Crypt:3)
  4 curse skulls
  10 ghouls
  3 stone giants
  13 ironbound preservers
  The ghost of tnk the Eclecticist, a journeyman DrIE of Ashenzari (Orc:2)
  4 reapers (Crypt:3)
  A war gargoyle (Vaults:3)
  10 very ugly things
  4 ironbound thunderhulks
  A juggernaut skeleton (Crypt:2)
  4 vampire knights
  2 elemental wellsprings (Shoals:3)
  A dire elephant (Vaults:4)
  5 deep elf demonologists (Elf:3)
  5 deep elf annihilators
  A white draconian (IceCv)
  A bunyip (shapeshifter) (Elf:2)
  9 deep elf death magi
  9 eidola
  2 ettins
  8 merfolk impalers
  The ghost of Veudig the Severer, a journeyman HOFi of Dithmenos (Orc:1)
  A jiangshi (Crypt:2)
  2 fire dragons
  4 merfolk javelineers
  A mummy priest (Crypt:3)
  4 deep elf high priests
  8 yaktaur captains
  3 spriggan zombies
  A boulder beetle (D:14)
  2 rakshasas
  A fenstrider witch zombie (Crypt:3)
  2 merfolk avatars
  15 vault guards
  5 merfolk aquamancers
  Erica (Lair:1)
  8 great orbs of eyes
  2 hydras
  3 ice dragons
  A caustic shrike simulacrum (Crypt:2)
  A bennu zombie (Crypt:2)
  A spriggan air mage (Depths:1)
  16 naga warriors
  2 salamander tyrants
  An ogre mage (D:15)
  2 spriggan skeletons (Crypt:3)
  4 death knights
  7 ironbound frosthearts
  A catoblepas (Shoals:2)
  6 two-headed ogres
  12 centaur warriors
  9 anacondas
  A deep troll shaman (Depths:1)
  A quicksilver ooze zombie (Crypt:1)
  4 orc high priests
  5 death yaks
  A deep troll earth mage (Depths:1)
  A titan zombie (Crypt:3)
  20 dancing weapons
  A spriggan berserker (Depths:1)
  A tengu warrior (Depths:1)
  20 naga sharpshooters
  2 vampire magi
  11 shock serpents
  2 spriggans (Depths:1)
  7 soul eaters
  13 deep elf knights
  A titan skeleton (Crypt:3)
  3 salamander mystics
  2 shadow wraiths (Crypt:2)
  9 skeletal warriors
  26 deep trolls
  17 sea snakes
  2 golden dragon zombies
  16 deep elf archers
  6 naga ritualists
  2 flayed ghosts (Crypt:2)
  A bog body (Crypt:1)
  A glowing orange brain (Vaults:4)
  9 ironbound convokers
  8 wizards
  15 orc knights
  19 necromancers
  17 lindwurms
  A spriggan simulacrum (Crypt:2)
  9 phantasmal warriors
  An iron dragon zombie (Crypt:3)
  35 ugly things
  21 deep elf pyromancers
  15 manticores
  11 harpies
  5 cyclopes
  A faun (Shoals:2)
  15 deep elf zephyrmancers
  9 mana vipers
  5 orc sorcerers
  4 wolf spiders (Crypt:3)
  A stone giant zombie (Vaults:2)
  16 salamanders
  2 moths of wrath (Orc:1)
  Maurice (D:10)
  A stone giant skeleton (Crypt:3)
  Joseph (D:10)
  A fire giant skeleton (Crypt:1)
  2 iron dragon skeletons (Crypt:3)
  2 naga zombies (Crypt:3)
  An ice statue (D:15)
  9 vault sentinels
  16 naga magi
  39 black mambas
  9 guardian serpents
  A dire elephant zombie (Crypt:3)
  3 molten gargoyles (Lair:5)
  9 merfolk sirens
  10 water nymphs
  2 storm dragon simulacra
  A death yak zombie (Crypt:2)
  8 cane toads
  An alligator snapping turtle skeleton (Crypt:2)
  17 rime drakes
  Maggie (D:8)
  2 unseen horrors
  A sea snake zombie (Crypt:2)
  38 yaktaurs
  An unseen horror zombie (Crypt:1)
  2 kobold demonologists
  An orb spider zombie (Crypt:1)
  Psyche (D:8)
  An efreet (D:13)
  8 komodo dragons
  12 freezing wraiths
  12 hellwings (Crypt:3)
  A catoblepas skeleton (Crypt:3)
  3 guardian mummies (Crypt:3)
  16 polar bears
  29 merfolk
  2 tengu simulacra (Vaults:2)
  5 harpy zombies (Crypt:3)
  4 hornets
  5 trolls
  A wind drake (shapeshifter) (Elf:2)
  A hydra skeleton (Crypt:2)
  2 harpy skeletons (Crypt:3)
  25 slime creatures
  6 wind drakes
  2 dream sheep
  An ettin zombie (Crypt:3)
  3 blink frogs (Lair:4)
  5 snapping turtles
  A black mamba zombie (Crypt:3)
  3 jumping spiders (Crypt:3)
  7 flying skulls
  An ice dragon skeleton (Crypt:2)
  A fire dragon skeleton (Crypt:3)
  16 water elementals
  2 ettin skeletons (Crypt:3)
  Eustachio (D:5)
  2 spriggans (shapeshifter)
  16 wraiths
  2 shadows
  6 wyverns
  5 basilisks
  4 fire elementals
  A hog (Lair:5)
  2 air elementals
  23 yaks
  8 vampire mosquitoes (D:12)
  A steam dragon (Lair:5)
  3 redbacks (Crypt:3)
  2 acid dragons
  43 nagas
  11 wargs
  3 hell hounds (Lair:5)
  9 water moccasins
  A naga skeleton (Crypt:2)
  A floating eye (Depths:1)
  29 orc warriors
  A sky beast (D:7)
  3 black bears
  6 ogres
  2 centaurs (D:9)
  A torpor snail zombie (Crypt:1)
  A human zombie (Vaults:2)
  A dream sheep skeleton (Crypt:1)
  2 human skeletons (Vaults:2)
  3 kobold brigands
  4 necrophages (Crypt:1)
  9 bullfrogs
  An elf zombie (Crypt:1)
  3 earth elementals
  A gnoll sergeant (D:8)
  An ogre simulacrum (Vaults:2)
  A scorpion (D:5)
  6 water moccasin zombies (Ossuary)
  8 wyvern skeletons (Crypt:3)
  8 wights
  18 killer bees (Lair:2)
  3 howler monkeys (D:12)
  6 electric eels
  4 lava snakes (Lair:5)
  20 orc priests
  A bullfrog skeleton (Crypt:2)
  9 hounds
  2 hell rats
  25 orc wizards
  4 iguanas
  2 mummies (Ossuary)
  12 gnolls
  8 adders
  6 river rats
  5 adder zombies (Ossuary)
  3 worms
  A dart slug (D:1)
  76 orcs
  2 bats (D:2)
  7 endoplasms
  3 giant cockroaches
  4 gnoll zombies (Ossuary)
  11 goblins
  9 hobgoblins
  8 jackals
  A quokka (D:1)
  6 ball pythons
  9 frilled lizards
  A gnoll skeleton (Crypt:1)
  6 hobgoblin zombies (Ossuary)
  33 kobolds
  8 kobold zombies (Ossuary)
  4 orc zombies (Ossuary)
  11 rats
  A spectral kobold (D:1)
  3 tentacles (Shoals:2)
  A withered plant (Crypt:3)
1613 creatures vanquished.

Vanquished Creatures (collateral kills)
  Polyphemus (Shoals:1)
  A stone giant (Vaults:3)
  3 hydras (Lair:5)
  A vault guard (Vaults:4)
  2 anacondas
  A merfolk aquamancer (Shoals:4)
  A two-headed ogre (D:15)
  A naga warrior (Snake:1)
  An alligator snapping turtle (Shoals:4)
  A tengu warrior (D:15)
  2 naga sharpshooters (Snake:1)
  Sonja (Lair:3)
  2 naga ritualists (Snake:1)
  2 sea snakes
  3 orc knights
  An orange crystal statue (IceCv)
  3 harpies (Shoals:3)
  An ugly thing (D:15)
  3 mana vipers
  A manticore (Shoals:1)
  A salamander (Snake:1)
  2 naga magi
  2 guardian serpents
  A gargoyle (D:14)
  6 cane toads
  3 black mambas
  2 rime drakes (IceCv)
  3 merfolk
  A troll (Orc:2)
  A queen bee (Lair:2)
  A polar bear (IceCv)
  7 dream sheep
  4 slime creatures (D:14)
  2 blink frogs (Lair:4)
  A wraith (Crypt:1)
  7 yaks
  A basilisk (Lair:2)
  A water elemental (D:14)
  A wyvern (Lair:5)
  A steam dragon (Lair:5)
  2 hogs (Lair:5)
  3 wargs
  5 nagas
  2 hell hounds (Lair:5)
  2 water moccasins
  2 ogres
  6 orc warriors
  7 killer bees (Lair:2)
  A lava snake (Lair:5)
  3 orc priests
  10 orc wizards
  18 orcs
  7 ball lightnings
148 creatures vanquished.

Vanquished Creatures (others)
  A merfolk javelineer (Shoals:4)
  An ironbound convoker (Vaults:2)
  A water elemental (D:14)
  An electric eel (D:14)
  267 ball lightnings
  22 fungi
  56 plants
  13 tentacles
  21 withered plants (Crypt:3)
383 creatures vanquished.

Grand Total: 2144 creatures vanquished

Notes
Turn   | Place    | Note
-------+----------+-------------------------------------------
     0 | D:1      | FexLirch the Tengu Air Elementalist began the quest for the
                  | Orb.
     0 | D:1      | Reached XP level 1. HP: 10/10 MP: 4/4
   420 | D:1      | Reached XP level 2. HP: 15/15 MP: 4/6
   423 | D:1      | Learned a level 2 spell: Static Discharge
   634 | D:1      | Found a faded altar of an unknown god.
  1114 | D:2      | Reached XP level 3. HP: 19/19 MP: 3/7
  2611 | D:2      | Learned a level 3 spell: Swiftness
  2798 | D:3      | Found an opulent altar of Gozag.
  2829 | D:3      | Found a sacrificial altar of Ru.
  2839 | D:3      | Reached XP level 4. HP: 24/24 MP: 7/9
  2923 | D:3      | Identified the +4 ring mail of Cowardice {rF+ MP+9}
  3315 | D:4      | Reached skill level 5 in Air Magic
  3459 | D:4      | Found a staircase to the Ecumenical Temple.
  3461 | D:4      | Noticed an orc warrior
  3661 | D:3      | Gained mutation: Your magical nature lets you fly swiftly
                  | and evasively. [Tengu growth]
  3661 | D:3      | Reached XP level 5. HP: 28/28 MP: 2/10
  4362 | D:4      | You are sucked into a shaft and drop 3 floors!
  4395 | D:7      | Identified 2 scrolls of acquirement
  4397 | D:7      | Acquired a staff of air
  4400 | D:7      | Acquired an Inescapable Atlas
  4405 | D:7      | Learned a level 2 spell: Blink
  4456 | D:7      | Noticed a hornet
  4462 | D:7      | Killed a hornet
  4463 | D:7      | Reached skill level 6 in Air Magic
  4463 | D:7      | Reached XP level 6. HP: 30/32 MP: 4/12
  4465 | D:7      | Reached skill level 5 in Conjurations
  4586 | D:6      | Reached XP level 7. HP: 36/36 MP: 11/14
  4692 | D:5      | Entered Level 5 of the Dungeon
  4750 | D:5      | Reached skill level 7 in Air Magic
  4792 | D:5      | Found a glowing drain.
  4799 | Sewer    | Entered a sewer
  5447 | Temple   | Entered the Ecumenical Temple
  5469 | Temple   | Became a worshipper of Sif Muna the Loreminder
  5889 | D:5      | Reached XP level 8. HP: 41/41 MP: 13/16
  5899 | D:5      | Reached skill level 5 in Spellcasting
  6008 | D:5      | Noticed Eustachio
  6011 | D:5      | Reached skill level 8 in Air Magic
  6028 | D:5      | Killed Eustachio
  6117 | D:5      | Found a white marble altar of Elyvilon.
  6118 | D:5      | Found a burning altar of Makhleb.
  6611 | D:5      | Found a glowing silver altar of Zin.
  7090 | D:6      | Reached skill level 1 in Translocations
  7249 | D:6      | Reached * piety under Sif Muna
  7839 | D:7      | Reached skill level 9 in Air Magic
  7960 | D:7      | Noticed a wyvern
  8146 | D:7      | Noticed a hornet
  8226 | D:7      | Found a shadowy altar of Dithmenos.
  8304 | D:7      | Learned a level 4 spell: Airstrike
  8308 | D:7      | Reached XP level 9. HP: 45/45 MP: 5/19
  8577 | D:7      | Killed a hornet
  8806 | D:7      | Found a blossoming altar of Fedhas.
  9277 | D:8      | Found a sand-covered staircase.
  9284 | Ossuary  | Entered an ossuary
  9534 | Ossuary  | Reached ** piety under Sif Muna
 10390 | D:8      | Noticed Psyche
 10440 | D:8      | Killed Psyche
 10441 | D:8      | Reached skill level 10 in Air Magic
 10501 | D:8      | Reached skill level 1 in Fighting
 10564 | D:8      | Noticed a two-headed ogre
 10581 | D:8      | Killed a two-headed ogre
 10582 | D:8      | Reached skill level 1 in Transmutations
 10582 | D:8      | Reached XP level 10. HP: 53/53 MP: 11/21
 10868 | D:8      | Noticed Maggie
 11076 | D:8      | Found a glowing golden altar of the Shining One.
 11077 | D:8      | Found a snail-covered altar of Cheibriados.
 11805 | D:9      | Reached skill level 11 in Air Magic
 12001 | D:9      | Reached *** piety under Sif Muna
 12090 | D:9      | Found a broken altar of Ashenzari.
 12542 | D:10     | Entered Level 10 of the Dungeon
 12542 | D:10     | Found a flagged portal.
 12636 | Bailey   | Entered a bailey
 12739 | Bailey   | Noticed an orc warlord
 12829 | Bailey   | Found a runed translucent gate.
 12829 | Bailey   | Found a runed translucent gate.
 12829 | Bailey   | Found a runed translucent gate.
 12829 | Bailey   | Noticed an orc knight
 12875 | Bailey   | Killed an orc knight
 12876 | Bailey   | Reached skill level 10 in Conjurations
 13261 | Bailey   | Killed an orc warlord
 13262 | Bailey   | Reached skill level 12 in Air Magic
 13262 | Bailey   | Reached XP level 11. HP: 60/60 MP: 0/23
 13327 | Bailey   | Acquired 794 gold pieces
 14024 | D:10     | Found a staircase to the Orcish Mines.
 14040 | D:10     | Noticed Joseph
 14092 | D:10     | Killed Joseph
 14273 | D:10     | Noticed a death yak
 14273 | D:10     | Noticed a death yak
 14273 | D:10     | Noticed a death yak
 14302 | D:9      | Killed a death yak
 14303 | D:9      | Reached skill level 5 in Dodging
 14424 | D:9      | Killed a death yak
 14424 | D:9      | Reached **** piety under Sif Muna
 14467 | D:9      | Killed a death yak
 14628 | D:9      | Learned a level 5 spell: Iskenderun's Battlesphere
 14635 | D:9      | Learned a level 6 spell: Conjure Ball Lightning
 14772 | D:10     | Found a staircase to the Lair.
 14846 | D:10     | Noticed Maurice
 14853 | D:10     | Killed Maurice
 14858 | D:10     | Reached skill level 5 in Translocations
 14858 | D:10     | Reached skill level 13 in Air Magic
 15804 | D:8      | Killed Maggie
 15826 | D:8      | Found an ornate altar of the Wu Jian Council.
 16216 | D:11     | Noticed a deep elf annihilator
 16452 | D:11     | Noticed a two-headed ogre
 16457 | D:11     | Killed a two-headed ogre
 16458 | D:11     | Reached skill level 5 in Fighting
 16554 | D:11     | Noticed an orc sorcerer
 16556 | D:11     | Noticed a sun demon
 16558 | D:11     | Noticed a wizard
 16561 | D:11     | You are sucked into a shaft and drop 3 floors!
 16640 | D:14     | Noticed a white ugly thing
 16647 | D:14     | Killed a white ugly thing
 16648 | D:14     | Reached XP level 12. HP: 68/68 MP: 17/25
 16761 | D:14     | Noticed a vault guard
 16761 | D:14     | Noticed a vault guard
 16761 | D:14     | Noticed a vault guard
 16762 | D:14     | Noticed a vault guard
 16933 | D:14     | Noticed a centaur warrior
 16938 | D:14     | Killed a centaur warrior
 16938 | D:14     | Killed a vault guard
 17049 | D:14     | Found a shadowy altar of Dithmenos.
 17094 | D:14     | Found a gate to the Vaults.
 17103 | D:15     | Entered Level 15 of the Dungeon
 17116 | D:14     | Noticed a vault guard
 17121 | D:14     | Killed a vault guard
 17122 | D:14     | Reached skill level 14 in Air Magic
 17222 | D:13     | Noticed a centaur warrior
 17225 | D:13     | Killed a centaur warrior
 18382 | D:12     | Identified the +0 chain mail of the Jackalope {rF+}
 18443 | D:12     | Found a shimmering blue altar of Sif Muna.
 19613 | D:13     | Reached XP level 13. HP: 74/74 MP: 8/26
 19947 | D:13     | Reached skill level 15 in Air Magic
 20391 | Lair:1   | Entered Level 1 of the Lair of Beasts
 20687 | Lair:1   | Reached skill level 5 in Transmutations
 20864 | Lair:1   | Noticed Erica
 20956 | Lair:1   | Killed Erica
 21465 | Lair:2   | Learned a level 4 spell: Summon Lightning Spire
 21942 | Lair:2   | Found a staircase to the Shoals.
 22029 | Lair:2   | Found a shimmering blue altar of Sif Muna.
 22352 | Lair:2   | Reached ***** piety under Sif Muna
 22355 | Lair:2   | Received a gift from Sif Muna
 22362 | Lair:2   | Got Sif Muna's Handbook of the Excruciating Oath {god gift}
 22816 | Lair:3   | Reached skill level 1 in Summonings
 22932 | Lair:3   | Noticed Sonja
 22933 | Lair:3   | Killed Sonja
 22945 | Lair:3   | Found a staircase to the Snake Pit.
 24190 | Lair:4   | Reached skill level 16 in Air Magic
 24993 | Lair:5   | Entered Level 5 of the Lair of Beasts
 25200 | Lair:5   | Reached XP level 14. HP: 66/82 MP: 14/28
 25423 | Lair:5   | Reached skill level 1 in Invocations
 26027 | Lair:5   | Noticed Kirke
 26034 | Lair:5   | Killed Kirke
 26059 | Lair:5   | Found a staircase to the Slime Pits.
 26061 | Lair:5   | Found a viscous altar of Jiyva.
 26893 | Lair:5   | Found a large runed translucent door.
 27096 | Lair:5   | Found a large runed translucent door.
 27419 | Lair:5   | Learned a level 5 spell: Lightning Bolt
 27572 | Orc:1    | Entered Level 1 of the Orcish Mines
 27852 | Orc:2    | Entered Level 2 of the Orcish Mines
 27861 | Orc:1    | Found a transporter.
 27927 | Orc:1    | Noticed Veudig's ghost (journeyman HOFi)
 27934 | Orc:1    | Found a transporter.
 27938 | Orc:1    | Found the amulet of Vitality {RegenMP++ Regen++}
 27968 | Orc:1    | Received a gift from Sif Muna
 27969 | Orc:1    | Got Sif Muna's Anthology of Translocation and the Winter
                  | {god gift}
 28462 | Orc:1    | Killed Veudig's ghost
 29103 | Orc:2    | Found Oxuis's General Store.
 29112 | Orc:2    | Bought a scroll of identify for 30 gold pieces
 29158 | Orc:2    | Found Teoh's Magic Scroll Shoppe.
 29166 | Orc:2    | Bought a scroll of enchant armour for 97 gold pieces
 29166 | Orc:2    | Bought a scroll of blinking for 97 gold pieces
 29166 | Orc:2    | Bought 3 scrolls of blinking for 292 gold pieces
 29181 | Orc:2    | Found a runed translucent gate.
 29181 | Orc:2    | Found a runed translucent gate.
 29181 | Orc:2    | Found a runed translucent gate.
 29184 | Orc:2    | Noticed tnk's ghost (journeyman DrIE)
 29241 | Orc:2    | Reached skill level 17 in Air Magic
 29763 | Orc:2    | Noticed an orc warlord
 30434 | Orc:1    | Received a gift from Sif Muna
 30438 | Orc:1    | Identified the +1 cloak of the Saviour {*Corrode Int+4
                  | Slay+3}
 30567 | Orc:2    | Killed an orc warlord
 30661 | Orc:2    | Reached XP level 15. HP: 88/88 MP: 29/29
 30738 | Orc:2    | Found a staircase to the Elven Halls.
 30773 | Orc:2    | Reached skill level 10 in Spellcasting
 30808 | Orc:2    | Found Fufyusuf's Antique Armour Emporium.
 30814 | Orc:2    | Found Odauty's Antique Weapon Shoppe.
 30825 | Orc:2    | Bought a twisted scimitar for 288 gold pieces
 30825 | Orc:2    | Identified the +4 scimitar of Theory {vorpal, rElec Will+
                  | Int+2} (You bought it in a shop on level 2 of the Orcish
                  | Mines)
 31186 | Orc:2    | Bought 3 scrolls of summoning for 427 gold pieces
 31186 | Orc:2    | Bought a potion of cancellation for 120 gold pieces
 31222 | Orc:2    | Killed tnk's ghost
 31399 | D:11     | Got the Verses on Rank Wicked Magic
 32647 | D:15     | Found a staircase to the Depths.
 32752 | D:15     | Found a white marble altar of Elyvilon.
 32935 | D:15     | Reached skill level 18 in Air Magic
 33550 | Snake:1  | Entered Level 1 of the Snake Pit
 34197 | Snake:1  | Received a gift from Sif Muna
 34202 | Snake:1  | Reached skill level 10 in Dodging
 34248 | Snake:1  | Reached XP level 16. HP: 95/95 MP: 26/31
 34368 | Snake:1  | Found Fecleadd's Antique Armour Emporium.
 34377 | Snake:1  | Bought a pair of slimy gloves for 313 gold pieces
 34377 | Snake:1  | Identified the +0 pair of gloves of the Bells {Will++
                  | Stlth+} (You bought it in a shop on level 1 of the Snake
                  | Pit)
 34495 | Snake:1  | Found Qoezxiz's General Store.
 34499 | Snake:1  | Found Xung's Antique Armour Emporium.
 34506 | Snake:1  | Found Weisegion's Weapon Emporium.
 34618 | Snake:1  | Identified the +3 rapier of Defence {venom, *Noise rPois
                  | Will- MP+9 Int+6}
 34696 | Snake:1  | Found Tojiec's Book Emporium.
 34755 | Snake:1  | Identified the +0 mace of Jukirchek {pain, Fly rElec rN+
                  | Int+4}
 34980 | Snake:1  | Reached skill level 5 in Invocations
 35325 | Snake:2  | Received a gift from Sif Muna
 35393 | Snake:2  | Noticed Aizul
 35401 | Snake:2  | Killed Aizul
 35402 | Snake:2  | Reached skill level 19 in Air Magic
 35983 | Snake:2  | Identified the +4 chain mail of Viboimmy {rCorr Stlth+}
 36091 | Snake:3  | Found Tiokazu's Jewellery Shoppe.
 36101 | Snake:3  | Found a transporter.
 36199 | Snake:3  | Found a transporter.
 36232 | Snake:3  | Reached skill level 15 in Conjurations
 36381 | Snake:3  | Reached XP level 17. HP: 87/101 MP: 22/33
 36391 | Snake:3  | Found a frozen archway.
 36420 | IceCv    | Entered an ice cave
 36588 | IceCv    | Reached ****** piety under Sif Muna
 36588 | IceCv    | Received a gift from Sif Muna
 36800 | IceCv    | Reached skill level 10 in Fighting
 37000 | IceCv    | Noticed a shard shrike
 37005 | IceCv    | Killed a shard shrike
 37006 | IceCv    | Reached skill level 10 in Transmutations
 37348 | Snake:3  | Noticed Vashnia
 37365 | Snake:4  | Entered Level 4 of the Snake Pit
 37390 | Snake:4  | Reached skill level 20 in Air Magic
 37583 | Shoals:1 | Entered Level 1 of the Shoals
 37583 | Shoals:1 | Noticed Jorgrun
 37588 | Shoals:1 | Killed Jorgrun
 37668 | Shoals:1 | Noticed Frances
 37707 | Shoals:1 | Killed Frances
 37768 | Shoals:1 | You are sucked into a shaft and drop 1 floor!
 37799 | Shoals:2 | Noticed Polyphemus
 37837 | Shoals:1 | Noticed Mlioglotl
 37847 | Shoals:1 | Killed Mlioglotl
 37912 | Shoals:1 | Found a runed translucent door.
 37912 | Shoals:1 | Found a shimmering altar of Xom.
 37912 | Shoals:1 | Noticed warriortoast's ghost (adept SpHu)
 38038 | Shoals:1 | Learned a level 7 spell: Storm Form
 38085 | Shoals:1 | Noticed a kraken
 38101 | Shoals:1 | Killed a kraken
 38641 | Shoals:1 | Killed Polyphemus
 38713 | Shoals:2 | Received a gift from Sif Muna
 39088 | Shoals:2 | Noticed Ilsuiw
 39096 | Shoals:2 | Noticed a kraken
 39211 | Shoals:2 | Killed Ilsuiw
 39254 | Shoals:2 | Killed a kraken
 39255 | Shoals:2 | Reached XP level 18. HP: 97/108 MP: 18/34
 39905 | Shoals:3 | Learned a level 8 spell: Maxwell's Capacitive Coupling
 40066 | Shoals:3 | Found Lelopug's Mass Market.
 40241 | Shoals:4 | Entered Level 4 of the Shoals
 40281 | Shoals:4 | Found Tuicyeg's Antique Armour Shoppe.
 40337 | Shoals:4 | Received a gift from Sif Muna
 40338 | Shoals:4 | Got Sif Muna's Folio of Hindering Transmutation {god gift}
 40388 | Shoals:4 | Reached skill level 1 in Unarmed Combat
 41042 | Shoals:4 | Got a barnacled rune of Zot
 41360 | Shoals:1 | Killed warriortoast's ghost
 41380 | Shoals:1 | Learned a level 5 spell: Manifold Assault
 41668 | Snake:3  | Killed Vashnia
 41984 | Snake:3  | Identified the +2 hat of the Trees {rPois Dex+2}
 42041 | Snake:4  | Noticed Asterion
 42056 | Snake:3  | Killed Asterion
 42204 | Snake:4  | Reached XP level 19. HP: 115/115 MP: 2/36
 42298 | Snake:4  | Received a gift from Sif Muna
 42515 | Snake:4  | Identified the +4 flail of Axytoam {vorpal, rPois rCorr}
 42536 | Snake:4  | Reached skill level 21 in Air Magic
 43281 | Snake:4  | Got a serpentine rune of Zot
 43597 | Elf:1    | Entered Level 1 of the Elven Halls
 43597 | Elf:1    | Found a runed translucent gate.
 43597 | Elf:1    | Found a runed translucent gate.
 43597 | Elf:1    | Found a runed translucent gate.
 43597 | Elf:1    | Found a runed translucent gate.
 43597 | Elf:1    | Found a runed translucent gate.
 43597 | Elf:1    | Found a runed translucent gate.
 43598 | Elf:1    | Found a runed translucent door.
 43642 | Elf:1    | Found a runed translucent door.
 43687 | Elf:1    | Received a gift from Sif Muna
 43688 | Elf:1    | Got Sif Muna's Folio of Dusty Conjuring {god gift}
 43726 | Elf:1    | Identified Roxanne's Codex of Transmutation
 43726 | Elf:1    | Noticed Roxanne
 44011 | Elf:1    | Found a runed translucent gate.
 44012 | Elf:1    | Found a runed translucent gate.
 44012 | Elf:1    | Found a runed translucent gate.
 44125 | Elf:1    | Reached skill level 5 in Unarmed Combat
 44546 | Elf:2    | Got Sif Muna's Catalogue of the True Pharaoh
 44612 | Elf:2    | Found a shimmering blue altar of Sif Muna.
 44840 | Elf:2    | Reached XP level 20. HP: 96/121 MP: 27/38
 44848 | Elf:2    | Found a runed translucent gate.
 44848 | Elf:2    | Found a runed translucent gate.
 44848 | Elf:2    | Found a runed translucent gate.
 44967 | Elf:3    | Entered Level 3 of the Elven Halls
 45110 | Elf:3    | Found Baboan's Book Boutique.
 45110 | Elf:3    | Found Leosaisch's Antique Armour Boutique.
 45420 | Elf:3    | Found Idua's Distillery.
 45842 | Elf:3    | Found Vuhagul's Assorted Antiques.
 45896 | Elf:3    | Received a gift from Sif Muna
 46126 | Elf:3    | Found Gimusk's Book Shop.
 46300 | Elf:3    | Identified the +5 long sword of Fresh Guilt {chaos, *Noise
                  | rElec rC+++ Str-2}
 46384 | Elf:3    | Identified the +0 plate armour of the Charred God {Int+6
                  | Dex+2 Slay-2 Stlth+}
 46826 | Snake:3  | Bought the ring of the Hare {EV+8} for 2688 gold pieces
 46826 | Snake:3  | Found the ring of the Hare {EV+8}
 46826 | Snake:3  | Bought a ring of protection from cold for 525 gold pieces
 47067 | Vaults:1 | Entered Level 1 of the Vaults
 48121 | Vaults:1 | Received a gift from Sif Muna
 48123 | Vaults:1 | Reached XP level 21. HP: 90/128 MP: 40/40
 48139 | Vaults:1 | Learned a level 9 spell: Chain Lightning
 48725 | Vaults:2 | Received a gift from Sif Muna
 48855 | Vaults:2 | Reached skill level 22 in Air Magic
 49101 | Vaults:2 | Found Gyezxokyni's General Store.
 49125 | Vaults:2 | Identified the ring "Xommukk" {rN+ rCorr Int+7}
 49314 | Vaults:2 | Found a portal to a secret trove of treasure.
 49675 | Vaults:3 | Reached skill level 15 in Spellcasting
 49694 | Vaults:3 | Found a staircase to the Crypt.
 49696 | Vaults:3 | Received a gift from Sif Muna
 49697 | Vaults:3 | Got Sif Muna's Commentary on Mustering and the Welkin {god
                  | gift}
 49897 | Vaults:3 | Identified the +1 robe of Wodit {Str+5}
 49911 | Vaults:3 | Found a runed translucent gate.
 49911 | Vaults:3 | Noticed Zonian's ghost (adept HOFi)
 49912 | Vaults:3 | Found a runed translucent gate.
 49912 | Vaults:3 | Found a runed translucent gate.
 49912 | Vaults:3 | Identified the +7 chain mail "Gishruz" {Slay+2}
 49919 | Vaults:3 | Found the +8 Wrath of Trog {antimagic, *Rage Rampage}
 50737 | Vaults:3 | Killed Zonian's ghost
 50738 | Vaults:3 | Reached skill level 10 in Invocations
 50807 | Vaults:3 | Identified the ring of Leseubaf {rC+ MP+9}
 50810 | Vaults:3 | Identified the +1 pair of boots of Piubitt {rElec rPois
                  | Str-4 SInv}
 50942 | Vaults:4 | Identified the amulet "Suxkom" {Spirit Fragile rN+++ Int+7
                  | Stlth-}
 50985 | Vaults:4 | Reached XP level 22. HP: 112/134 MP: 25/42
 51016 | Vaults:4 | Found a flickering gateway to a bazaar.
 51016 | Vaults:4 | Noticed Zenata
 51055 | Vaults:4 | Killed Zenata
 51068 | Bazaar   | Entered a bazaar
 51087 | Bazaar   | Found Ydage's Assorted Antiques.
 51158 | Bazaar   | Found Tengidou's Assorted Antiques.
 51170 | Bazaar   | Found Cathuff's Armour Emporium.
 51193 | Bazaar   | Bought a potion of heal wounds for 150 gold pieces
 51251 | Vaults:4 | Noticed a caustic shrike
 51256 | Vaults:4 | Killed a caustic shrike
 51487 | Vaults:4 | Received a gift from Sif Muna
 51731 | Vaults:4 | Noticed Boris
 51745 | Vaults:4 | Killed Boris
 51752 | Vaults:4 | Found Igrouloe's Weapon Shoppe.
 52166 | Crypt:1  | Entered Level 1 of the Crypt
 52421 | Crypt:1  | Received a gift from Sif Muna
 52639 | Crypt:1  | Noticed Vv
 52751 | Crypt:1  | Killed Vv
 53238 | Crypt:2  | Learned a level 2 spell: Wereblood
 53240 | Crypt:2  | Learned a level 1 spell: Apportation
 53449 | Crypt:2  | Received a gift from Sif Muna
 53454 | Crypt:2  | Got Sif Muna's Quarto of Forceful Illusion {god gift}
 53509 | Crypt:2  | Paralysed by something for 2 turns
 53650 | Crypt:2  | Found a runed translucent door.
 53651 | Crypt:2  | Noticed Nyubb's ghost (veteran MiGl)
 53663 | Crypt:2  | Killed Nyubb's ghost
 53664 | Crypt:2  | Reached skill level 10 in Translocations
 53669 | Crypt:2  | Identified the +1 ring mail of Nuttizoub {Harm Int+2}
 53880 | Crypt:2  | Found a shimmering altar of Xom.
 53880 | Crypt:2  | Noticed Frederick
 53894 | Crypt:2  | Killed Frederick
 53982 | Crypt:3  | Entered Level 3 of the Crypt
 54041 | Crypt:3  | Reached XP level 23. HP: 131/136 MP: 38/44
 54741 | Crypt:3  | Found a staircase to the Tomb.
 54743 | Crypt:3  | Received a gift from Sif Muna
 54947 | Crypt:3  | Found an ancient bone altar of Kikubaaqudgha.
 55033 | Crypt:3  | Reached skill level 15 in Dodging
 55043 | Crypt:3  | Identified the ring "Jeynorph" {Fly Int+4}
 55057 | Crypt:3  | Identified the ring of Ascent {rElec rC- rN+ Dex+4}
 55070 | Crypt:3  | Identified the ring "Xammiq" {rN+ Will+}
 55115 | Crypt:3  | Noticed an ancient lich
 55121 | Crypt:3  | Killed an ancient lich
 55124 | Crypt:3  | Identified the +8 swamp dragon scales of the Mind {rPois
                  | MP+9 Slay+3}
 55182 | Crypt:3  | Reached skill level 23 in Air Magic
 55790 | Vaults:2 | Bought a scroll of acquirement for 832 gold pieces
 55790 | Vaults:2 | Acquired a manual of Fighting
 55901 | Depths:1 | Entered Level 1 of the Depths
 55905 | Depths:1 | Received a gift from Sif Muna
 56002 | Depths:1 | Found a one-way gateway to a ziggurat.
 56078 | Depths:1 | Reached skill level 10 in Unarmed Combat
 56150 | Depths:1 | Killed from afar by a spriggan air mage

Illustrated notes

Levels and vault maps discovered:
D:1:      minmay_arrival_plants_in_alcoves, layout_basic,
          dreamdust_ecumenical_altar_drowned_temple
D:2:      layout_loops_cross
D:3:      layout_basic, grunt_gozag_breadcrumbs,
          nicolae_ru_sacrificial_ziggurat, minmay_misc_feat_room,
          serial_bayou_ford_a
D:4:      layout_basic, minmay_temple_entry_trees
D:5:      layout_basic, zin_academy, nicolae_overflow_two_pavilions,
          gup_sewer_entry_bubbles, uniq_eustachio
D:6:      layout_rooms
D:7:      layout_basic, kennysheep_mini, fedhas_altar_4,
          serial_co_window_serial, co_window_paths_b, co_window_corner_a,
          co_window_corner_a, co_window_paths_a, co_window_paths_b,
          co_window_of_opportunity_a, co_window_paths_a, co_window_paths_b,
          co_window_of_opportunity_a, co_window_unsneaky_path_a,
          co_window_2corner, co_window_corner_b, co_window_paths_c,
          co_window_4corner_a, co_window_4corner_b, grunt_ministairs_13
D:8:      layout_layer_cave, nicolae_wu_jian_immortal_techniques,
          amethyst_overflow_temple_binary, enter_ossuary_1, amethyst_killhole,
          minmay_misc_feat_x, uniq_psyche, uniq_maggie
D:9:      minmay_flawed_box, layout_basic, lemuel_coloured_pillars_altar,
          fountainhead
D:10:     layout_layer_cave, dpeg_lair_monsters, orc_0_dummy, enter_bailey_5,
          hangedman_decor_clover_reticule, uniq_maurice, uniq_joseph
D:11:     cheibrodos_wizards_tower, layout_rooms
D:12:     layout_basic, lemuel_blue_sif_altar
D:13:     layout_cave_pods
D:14:     wad_lake_hut, layout_irregular_city, erik_vaults_2,
          nicolae_dithmenos_through_a_glass_darkly,
          hangedman_abyss_or_decor_lesser_grid, lemuel_freeze_loot_1
D:15:     grunt_enter_depths_giant_problem, layout_cave_pods,
          gauntlet_entry_generic, minivault_16, nicolae_elyvilon_temple_path
Temple:   chequers_temple_sunken
Lair:1:   layout_chaotic_city, serial_bayou_shore_b, grunt_megastairs_3,
          uniq_erica
Lair:2:   layout_roguey, minmay_shoals_entry_lonely_mermaid, special_room
          [special_room_bee], basic_altar, minivault_23, minivault_25
Lair:3:   layout_chaotic_city, guppyfry_snake_entry_garden, uniq_sonja
Lair:4:   layout_misc_corridors, infiniplex_staircase_pool_2
Lair:5:   cheibrodos_lair_end_hotspot, layout_cave_pods, slime_entry_1,
          uniq_kirke
Shoals:1: layout_shoals, ebering_ghost_xom, uniq_frances, uniq_mlioglotl,
          uniq_jorgrun
Shoals:2: layout_shoals, uniq_polyphemus, uniq_ilsuiw
Shoals:3: layout_shoals, minmay_shop_mass, nicolae_shoals_spring_well_temple
Shoals:4: shoals_end_hangedman, layout_shoals, serial_shops,
          nicolae_square_shop, nicolae_shoals_beach_house_on_fowls_legs
Snake:1:  layout_onion, serial_shops, nicolae_lakefront_shop, st_stairs_11,
          minmay_shop_grid_forest, grunt_megastairs_5
Snake:2:  layout_honeycomb, uniq_aizul
Snake:3:  gammafunk_the_bubble [the_bubble_gammafunk_grid], layout_basic,
          portal_ice_cave_entry_pillars_1, serial_shops,
          nicolae_shop_hallway_stairs, nicolae_snake_lava_pool, uniq_vashnia
Snake:4:  grunt_snake_rune_pools, layout_onion, uniq_asterion
Orc:1:    layout_caves, gammafunk_ghost_berserking_beasts
Orc:2:    grunt_orc_community_town_hall, layout_diamond_mine,
          grunt_orc_community_big_house_1, grunt_orc_community_big_house_1,
          grunt_orc_community_house_1, grunt_orc_community_house_2,
          grunt_orc_community_house_1, grunt_orc_community_house_1,
          grunt_orc_community_house_1, grunt_orc_community_house_3,
          serial_shops, nicolae_shop_advertising_works
          [nicolae_subvault_shop_adworks], gammafunk_ghost_split
Elf:1:    nicolae_elf_arrival_dilemma, layout_loops_ring,
          hangedman_elven_crosses_minicolossus,
          nicolae_gammafunk_elf_defective_weapons_storage, uniq_roxanne
Elf:2:    nicolae_elf_blades_crystal_corner, layout_gridlike, basic_altar
Elf:3:    grunt_elf_hall_branching, layout_geoelf_octagon, serial_shops,
          shop_fountains, shop, nicolae_shop_waterfront, shop, shop_statue
Vaults:1: v_misc_9, hangedman_vaults_nails, st_cells, ontoclasm_vaults_tryst,
          hangedman_vaults_slice, vaults_dpeg_ring, layout_vaults_omnigrid
Vaults:2: hangedman_vaults_pinch, hangedman_vaults_capsules,
          nicolae_vaults_puzzle_piece, v_pattern_5, hangedman_vaults_nails,
          v_alt_pattern_2, ontoclasm_vaults_claustrophobia,
          vaults_room_semicircle, ontoclasm_vaults_fault, v_misc_17,
          layout_vaults_omnicross, nicolae_trove_entry_crystal, serial_shops,
          nicolae_shop_stone
Vaults:3: biasface_ghost_orc_armoury, grunt_vaults_focal,
          nicolae_vaults_little_squares_6, st_squares,
          minmay_crypt_entry_simple_sparse, ontoclasm_vaults_eye, v_rooms_2,
          hangedman_vaults_restitches, grunt_vaults_hallway_short,
          vaults_dpeg_hooks, v_misc_14, vaults_room_door_ring,
          nicolae_vaults_angled_halls, serial_ice_g, vaults_room_octagon,
          ontoclasm_vaults_decontamination, layout_vaults_omnibox
Vaults:4: v_misc_13, vaults_room_grid, grunt_vaults_hallway_short,
          nicolae_vaults_triangles, hangedman_vaults_cutoff,
          nicolae_vaults_c_with_doors, layout_vaults_ring, serial_shops,
          bzr_entry_safe, shop, uniq_boris, uniq_zenata, uniq_xtahua
Crypt:1:  layout_catacombs, uniq_vv
Crypt:2:  layout_misc_corridors, basic_altar, gammafunk_ghost_grave,
          serial_sigils_hangedman_gut, minmay_misc_feat_rows, uniq_frederick
Crypt:3:  evilmike_haunted_forest
Depths:1: layout_gridlike, enter_ziggurat_d, hell_entry, mu_enter_wizlab_2,
          kennysheep_small_circle

Skill      XL: |  1  2  3  4  5  6  7  8  9 10 11 12 13 14 15 16 17 18 19 20 21 22 23 |
---------------+----------------------------------------------------------------------+-----
Conjurations   | 2 3 4 5 6 8 9 10 11 12 13 14 15 16 18 19 20 21 22 | 22.0
Air Magic      | 5 6 7 9 10 12 13 14 16 17 18 19 20 21 22 23 | 23.0
Spellcasting   | 3 4 6 7 8 9 10 11 12 13 14 15 16 | 16.7
Translocations | 2 3 4 5 6 7 8 9 10 | 10.4
Fighting       | 2 3 5 6 7 8 9 10 11 12 13 14 | 14.0
Dodging        | 3 4 5 7 8 9 10 11 12 13 14 15 | 15.2
Transmutations | 1 2 3 4 5 7 8 9 10 11 | 11.0
Summonings     | 2 4 |  4.0
Invocations    | 3 4 5 6 7 8 9 10 11 | 11.1
Unarmed Combat | 3 5 6 8 9 10 | 10.0
Stealth        | |  2.1

Action                   |  1- 3 |  4- 6 |  7- 9 | 10-12 | 13-15 | 16-18 | 19-21 | 22-24 || total
-------------------------+-------+-------+-------+-------+-------+-------+-------+-------++-------
Melee: Unarmed           |    13 |       |     6 |       |       |   186 |  1035 |   616 ||  1856
       Peck              |     3 |     1 |    11 |     3 |     3 |       |     2 |       ||    23
       Kick              |     2 |     1 |     8 |     4 |     1 |     1 |     6 |     2 ||    25
       Staff             |       |     1 |    21 |     7 |     5 |    14 |     9 |     2 ||    59
       Rapier            |       |       |    12 |       |       |       |       |       ||    12
       Punch             |       |       |     1 |       |       |     6 |    34 |    38 ||    79
 Cast: Shock             |    71 |    38 |   197 |   199 |   188 |    35 |       |       ||   728
       Static Discharge  |     7 |    13 |    35 |    64 |    60 |    58 |       |       ||   237
       Airstrike         |       |       |    21 |   155 |   202 |   115 |       |       ||   493
       Blink             |       |       |     1 |     1 |    18 |    18 |    11 |     8 ||    57
       Swiftness         |       |       |     1 |       |     7 |     5 |     3 |     3 ||    19
       Iskenderun's Batt |       |       |       |     8 |    44 |    14 |       |       ||    66
       Summon Lightning  |       |       |       |       |    70 |    55 |     2 |     2 ||   129
       Conjure Ball Ligh |       |       |       |       |    36 |    58 |    10 |       ||   104
       Lightning Bolt    |       |       |       |       |    92 |   236 |    78 |    13 ||   419
       Storm Form        |       |       |       |       |       |    23 |    57 |    40 ||   120
       Manifold Assault  |       |       |       |       |       |    25 |   175 |   111 ||   311
       Maxwell's Capacit |       |       |       |       |       |     4 |     3 |    10 ||    17
       Chain Lightning   |       |       |       |       |       |       |     8 |    24 ||    32
       Wereblood         |       |       |       |       |       |       |       |    27 ||    27
       Apportation       |       |       |       |       |       |       |       |     3 ||     3
Invok: Channel Magic     |       |       |       |     1 |     1 |     1 |       |       ||     3
 Abil: Blinkbolt         |       |       |       |       |       |    11 |    37 |    17 ||    65
       End Transformatio |       |       |       |       |       |     2 |     4 |     4 ||    10
Evoke: Wand              |       |     1 |     1 |    11 |     1 |       |       |     2 ||    16
  Use: Scroll            |       |     6 |     8 |     5 |    12 |    16 |     3 |     3 ||    53
       Potion            |       |       |       |       |     1 |       |     1 |       ||     2
 Stab: Sleeping          |       |     1 |     4 |       |       |       |     2 |     1 ||     8
       Paralysed         |       |       |     4 |       |       |       |       |       ||     4
       Distracted        |       |       |       |       |     1 |     1 |       |       ||     2
Armor: Robe              |     5 |       |       |       |       |       |       |       ||     5
       Leather armour    |     4 |       |    26 |       |       |       |       |       ||    30
       Skin              |       |       |     1 |       |       |    55 |   143 |    60 ||   259
       Ring mail         |       |       |       |    36 |    37 |    43 |     6 |       ||   122
Dodge: Dodged            |    18 |     5 |    49 |    67 |   133 |   421 |   883 |   489 ||  2065
